 Dungeon Crawl Stone Soup version 0.29-a0-830-gcb1280458a (webtiles) character file.

Game seed: 17308365472130310953

2313 Spectrina the Tainted (level 9, -2/70 HPs)
             Began as a Human Monk on July 11, 2022.
             Was an Initiate of Yredelemnul.
             Killed by an exploding orc zombie (47 damage)
             ... ignited by their inner flame
             ... on level 8 of the Dungeon on July 12, 2022.
             The game lasted 00:41:43 (5027 turns).

Spectrina the Tainted (Human Monk)                  Turns: 5027, Time: 00:41:44

Health: -2/70      AC:  9    Str: 16    XL:     9   Next: 68%
Magic:  14/14      EV:  9    Int: 11    God:    Yredelemnul [......]
Gold:   99         SH:  7    Dex: 15    Spells: 8/8 levels left

rFire   . . .      SeeInvis .   a - +2 whip (venom)
rCold   + . .      Faith    .   q - +0 kite shield
rNeg    . . .      Spirit   .   F - +0 scale mail
rPois   .          Reflect  .   (no helmet)
rElec   .          Harm     .   U - +0 cloak
rCorr   .          Rampage  .   f - +0 pair of gloves
Will    .....                   y - +0 pair of boots
Stlth   ++........              n - amulet of regeneration
HPRegen 1.01/turn               d - ring of wizardry
MPRegen 0.14/turn               Q - ring of protection from cold

@: no status effects
A: no striking features
a: Renounce Religion, Recall Undead Harvest


You were on level 8 of the Dungeon.
You worshipped Yredelemnul.
Yredelemnul was noncommittal.
You visited 1 branch of the dungeon, and saw 8 of its levels.
You also visited: Sewer.

You collected 425 gold pieces.
You spent 326 gold pieces at shops.

Inventory:

Hand Weapons
 a - a +2 whip of venom (weapon)
 b - a +0 sling
 h - a +2 dagger of holy wrath
 m - a +1 flail
 H - a +0 mace
 N - a +4 spear
 S - a +0 vorpal flail
Missiles
 o - 2 throwing nets
 G - 5 boomerangs
 M - 3 poisoned darts (quivered)
Armour
 f - a +0 pair of gloves (worn)
 g - a +0 robe
 q - a +0 kite shield (worn)
 y - a +0 pair of boots (worn)
 F - a +0 scale mail (worn)
 J - a +0 chain mail
 U - a +0 cloak (worn)
Magical Staves
 R - a staff of conjuration
Jewellery
 d - a ring of wizardry (left hand)
 n - an amulet of regeneration (around neck)
 Q - a ring of protection from cold (right hand)
Wands
 t - a wand of flame (42)
 W - a wand of roots (11)
Scrolls
 e - 6 scrolls of enchant weapon
 k - 7 scrolls of teleportation
 p - a scroll of brand weapon {unknown}
 r - 2 scrolls of amnesia {unknown}
 w - 2 scrolls of fog
 z - a scroll of magic mapping {unknown}
 C - a scroll of poison {unknown}
 E - 2 scrolls of torment {unknown}
 I - a scroll of vulnerability {unknown}
 K - 2 scrolls of enchant armour
 O - 3 scrolls of fear {unknown}
 T - a scroll of identify
Potions
 c - 2 potions of ambrosia
 i - a potion of magic
 j - 4 potions of brilliance
 l - 3 potions of cancellation
 s - 3 potions of curing
 u - a potion of heal wounds
 v - 2 potions of flight {unknown}
 x - a potion of haste {unknown}
 A - 4 potions of mutation
 B - a potion of lignification {unknown}
 D - a potion of attraction
 L - 2 potions of berserk rage {unknown}


   Skills:
 + Level 6.3 Fighting
 + Level 6.2 Maces & Flails
 + Level 2.1 Armour
 + Level 3.8 Dodging
 - Level 6.0 Stealth
 * Level 7.6 Invocations


You had 8 spell levels left.
You didn't know any spells.
Your spell library contained the following spells:

 Spells                   Type           Power      Damage    Failure   Level
 Ensorcelled Hibernation  Hex/Ice        0%         N/A       94%         2
 Ozocubu's Armour         Ice            0%         N/A       99%         3
 Spider Form              Tmut/Pois      0%         N/A       99%         3
 Anguish                  Hex/Necr       0%         N/A       100%        4
 Haunt                    Necr/Summ      0%         N/A       100%        7
 Ozocubu's Refrigeration  Ice            0%         4d5       100%        7
 Infestation              Necr           0%         N/A       100%        8
 Animate Dead             Necr           Unusable   N/A       N/A         4

Dungeon Overview and Level Annotations

Branches:
Dungeon (8/15)             Temple (0/1) D:4            Lair (0/6) D:8
  Sewer (visited)

Altars:
Ashenzari
Elyvilon
Kikubaaqudgha
Makhleb
Sif Muna
Vehumet
Wu Jian
Yredelemnul

Shops:
D:2 ?   D:4 (*

Annotations:
D:8 Psyche


Message History

A water moccasin comes into view.
The bullfrog hits Maurice!
Maurice barely misses the orc.
You closely miss the orc.
The orc is almost dead.
You kill the orc!
The dead are walking!
The bullfrog misses Maurice.
The ice beast hits Maurice.
The ice beast freezes Maurice.
Maurice resists.
Maurice hits the orc.
Okay, then.
Okay, then.
Unknown command.
Unknown command.
The orc attacks as you move away! The orc barely misses you.
The orc hits your orc priest zombie with a +0 hand axe.
The orc barely misses Maurice.
Something hits your orc zombie.
The ice beast hits Maurice.
The ice beast freezes Maurice.
Maurice resists.
Maurice is destroyed!
Unknown command.
Okay, then.
Unknown command.
Really read the scroll of immolation?
As you read the scroll of immolation, it crumbles to dust.
The creatures around you are filled with an inner flame!
The bullfrog hits you.
Psyche hits your orc zombie with a +1 dagger of chaos.
Flame seeps out of your orc zombie.
Your orc zombie seems to speed up.
Your orc zombie is engulfed in blazing flames.
Your orc zombie explodes!
The fiery explosion engulfs something!!!
Reactivating autopickup.
You feel a bit more experienced.
The fiery explosion engulfs Psyche.
Psyche resists.
Flame seeps out of Psyche.
Psyche is lightly wounded.
The fiery explosion engulfs you!!!
Ouch! That really hurt!
You die...
Your body rises from the dead as a mindless zombie.

#.## #..## #...#
###.#.########
#...#.........
#..#..<........
#.##...........
###.##.§§§.....#
#......@○@...#..
#......§oF.....#
#......ZDY.....!.
#...<.)#.........
#......#.........
.....>.##.S.....?.
?...... ..........
.##... ..........
##. .........


You could see Psyche (inner flame), a steam dragon (inner flame), a water
moccasin (inner flame), an ice beast (inner flame, ally target), a bullfrog
(inner flame), an orc (inner flame) and a friendly orc priest zombie (inner
flame).

Vanquished Creatures
  Maurice (D:8)
  A wyvern (D:7)
  2 water moccasins
  A sky beast (D:7)
  A phantom (D:7)
  2 bullfrogs
  4 scorpions
  A gnoll sergeant (D:7)
  A necrophage (D:6)
  4 hounds
  3 jellies
  3 orc priests
  An iguana (D:5)
  2 orc wizards
  13 adders
  6 gnolls
  4 river rats
  A shadow imp (D:6)
  An ufetubus (D:5)
  8 worms
  2 dart slugs (D:2)
  8 orcs
  9 ball pythons
  2 bat zombies (D:6)
  7 endoplasms
  5 giant cockroaches
  4 goblins
  7 hobgoblins
  2 jackals (D:4)
  7 kobolds
  2 quokkas
  5 bats
  4 frilled lizards
  An orc zombie (D:8)
  7 rats
  A rat zombie (D:6)
133 creatures vanquished.

Vanquished Creatures (collateral kills)
  An ogre (D:5)
  A phantom (D:4)
  An orc priest (D:6)
  2 gnolls (D:5)
  6 adders
  2 river rats (D:5)
  A white imp (D:8)
  2 orcs (D:5)
  2 bat zombies (D:6)
  2 endoplasms (D:2)
  A goblin (D:3)
  2 ball pythons
  A bat (D:2)
  A frilled lizard (Sewer)
  6 rats
31 creatures vanquished.

Vanquished Creatures (others)
  A human zombie (D:8)
  An ogre zombie (D:5)
  A spectral orc (D:6)
  2 adder zombies
  2 jelly zombies (D:6)
  A bat zombie (D:2)
  2 gnoll zombies
  A river rat zombie (Sewer)
  A ball python zombie (D:2)
  A frilled lizard zombie (Sewer)
  A jackal zombie (D:4)
  3 orc zombies (D:5)
  A rat zombie (Sewer)
  14 plants (D:1)
32 creatures vanquished.

Grand Total: 196 creatures vanquished

Notes
Turn   | Place    | Note
-------+----------+-------------------------------------------
     0 | D:1      | Spectrina the Human Monk began the quest for the Orb.
     0 | D:1      | Reached XP level 1. HP: 18/18 MP: 1/1
   152 | D:2      | Reached XP level 2. HP: 23/24 MP: 2/2
   430 | D:2      | Reached XP level 3. HP: 7/29 MP: 3/3
   613 | D:1      | HP: 1/29 [goblin/+0 dagger (2)]
   869 | D:1      | Reached XP level 4. HP: 20/35 MP: 4/4
  1058 | D:2      | Found a faded altar of an unknown god.
  1062 | D:2      | Prayed at the altar of an unknown god.
  1062 | D:2      | Became a worshipper of Yredelemnul the Dark
  1062 | D:2      | Reached * piety under Yredelemnul
  1062 | D:2      | Reached ** piety under Yredelemnul
  1154 | D:2      | Reached *** piety under Yredelemnul
  1301 | D:2      | Found Guecw's Magic Scroll Boutique.
  1305 | D:2      | Bought a scroll of identify for 20 gold pieces
  1305 | D:2      | Bought a scroll of teleportation for 30 gold pieces
  1305 | D:2      | Bought a scroll of identify for 20 gold pieces
  1553 | D:4      | Found a staircase to the Ecumenical Temple.
  1561 | D:4      | Reached skill level 1 in Invocations
  1561 | D:4      | Reached XP level 5. HP: 41/42 MP: 5/5
  1674 | D:4      | Found Hefod's Antique Weapon Boutique.
  1825 | D:4      | Found Dikieg's Assorted Antiques.
  1828 | D:4      | Bought a sedimented emerald potion for 19 gold pieces
  1828 | D:4      | Bought a clear potion for 19 gold pieces
  1828 | D:4      | Bought a scroll labelled CUCUOJ PIPO for 22 gold pieces
  1828 | D:4      | Bought a brown potion for 19 gold pieces
  1840 | D:4      | Bought a scroll labelled FYUKOADEID for 22 gold pieces
  1859 | D:4      | Found an ornate altar of the Wu Jian Council.
  1938 | D:4      | Noticed a phantom
  1956 | D:4      | Killed a phantom
  1957 | D:4      | Reached skill level 2 in Invocations
  1957 | D:4      | Reached XP level 6. HP: 42/48 MP: 7/7
  2267 | D:5      | Entered Level 5 of the Dungeon
  2437 | D:5      | Reached skill level 3 in Invocations
  2501 | D:5      | Found a glowing drain.
  2539 | Sewer    | Entered a sewer
  2577 | Sewer    | Reached XP level 7. HP: 55/55 MP: 9/9
  2929 | D:5      | Reached skill level 4 in Invocations
  3046 | D:5      | Found a white marble altar of Elyvilon.
  3047 | D:5      | Found a radiant altar of Vehumet.
  3171 | D:5      | Noticed a water moccasin
  3285 | D:6      | Reached skill level 5 in Fighting
  3462 | D:6      | Reached XP level 8. HP: 62/62 MP: 11/11
  3485 | D:6      | Reached skill level 5 in Maces & Flails
  3595 | D:6      | Found an ancient bone altar of Kikubaaqudgha.
  3706 | D:6      | Reached skill level 5 in Invocations
  3758 | D:6      | Found a burning altar of Makhleb.
  3799 | D:6      | Reached skill level 5 in Stealth
  3978 | D:5      | Found a broken altar of Ashenzari.
  3978 | D:5      | Found a shimmering blue altar of Sif Muna.
  4313 | D:2      | Bought a scroll of fog for 40 gold pieces
  4313 | D:2      | Bought a scroll of immolation for 40 gold pieces
  4313 | D:2      | Bought a scroll of enchant armour for 75 gold pieces
  4486 | D:7      | Reached skill level 6 in Invocations
  4518 | D:8      | Found a staircase to the Lair.
  4599 | D:7      | Reached XP level 9. HP: 53/69 MP: 13/13
  4750 | D:7      | Reached skill level 1 in Armour
  4894 | D:7      | Reached skill level 7 in Invocations
  4979 | D:8      | Noticed Maurice
  5000 | D:8      | Killed Maurice
  5021 | D:8      | Noticed Psyche
  5026 | D:8      | Your ally Maurice died
  5027 | D:8      | Killed by an exploding orc zombie... ignited by their inner
                  | flame

Illustrated notes

Levels and vault maps discovered:
D:1:      mushboom_english_gardens, layout_loops_ring, kennysheep_boxes
D:2:      layout_loops_corners, serial_shops, nicolae_square_shop,
          ebering_ecumenical_altar_mist
D:3:      layout_basic
D:4:      layout_loops_ring, mainiacjoe_overflow_tiny_flanked,
          minmay_temple_entry_grid, serial_shops, kennysheep_mini_moat,
          nicolae_stop_n_shop_2
D:5:      layout_loops_cross, mainiacjoe_overflow_divided_tiny,
          gammafunk_temple_overflow_pools, lightli_sewer_entry_pipes
D:6:      layout_loops_ring, nicolae_overflow_hidden_temple,
          lemuel_zombie_altar_kikubaaqudgha
D:7:      layout_loops_cross, grunt_ministairs_1, chequers_decorated_corner,
          grunt_decor_resistance
D:8:      layout_rooms, lair_entry_dummy, uniq_psyche, uniq_maurice

Skill      XL: |  1  2  3  4  5  6  7  8  9 |
---------------+----------------------------+-----
Stealth        | 3 4 5 6 |  6.0
Invocations    | 1 2 3 4 6 7 |  7.6
Fighting       | 4 5 6 |  6.3
Maces & Flails | 4 5 6 |  6.2
Armour         | 2 |  2.1
Dodging        | |  3.8

Action                   |  1- 3 |  4- 6 |  7- 9 || total
-------------------------+-------+-------+-------++-------
Melee: Mace              |    64 |   235 |   102 ||   401
       Dagger            |    37 |    26 |       ||    63
       Punch             |       |     3 |     1 ||     4
       Flail             |       |       |    89 ||    89
       Whip              |       |       |   148 ||   148
 Fire: Sling             |     4 |     8 |       ||    12
Throw: Dart              |       |       |     7 ||     7
Invok: Recall Undead Har |       |     4 |       ||     4
Evoke: Wand              |       |       |     7 ||     7
  Use: Scroll            |       |     4 |     5 ||     9
       Potion            |       |       |     6 ||     6
 Stab: Sleeping          |    10 |     6 |     4 ||    20
       Distracted        |       |     1 |       ||     1
       Invisible         |       |       |     4 ||     4
Armor: Robe              |    27 |    38 |    32 ||    97
       Chain mail        |       |       |    24 ||    24
       Scale mail        |       |       |   124 ||   124
Dodge: Dodged            |    80 |   167 |   219 ||   466
Block: Kite shield       |       |       |   101 ||   101

Table legend: (Time is in decaauts)
 A = Elapsed time spent in this place.
 B = Non-inter-level travel time spent in this place.
 C = Inter-level travel time spent in this place.
 D = Time resting spent in this place.
 E = Time spent auto-exploring this place.
 F = Levels seen in this place.
 G = Mean time per level.
                   A        B        C        D        E       F      G
               +--------+--------+--------+--------+--------+-----+--------+
         Total |   5235 |   4659 |    576 |      0 |      0 |   9 |  581.7 |
       Dungeon |   4873 |   4297 |    576 |      0 |      0 |   8 |  609.1 |
         Sewer |    361 |    361 |      0 |      0 |      0 |   1 |  361.0 |
               +--------+--------+--------+--------+--------+-----+--------+

Top non-repeatable levels by time:
     D:5: 1008 daAuts
     D:2: 973 daAuts
     D:6: 727 daAuts
     D:4: 622 daAuts
     D:1: 589 daAuts
     D:7: 514 daAuts
     D:3: 387 daAuts
   Sewer: 361 daAuts
     D:8: 50 daAuts
